 Dungeon Crawl Stone Soup version 0.26-a0-812-g31a745ddcd (webtiles) character file.

Game seed: 14650284436517843889

6729 Life0 the Spear-Bearer (level 10, -2/88 HPs)
             Began as a Purple Draconian Berserker on Dec 9, 2020.
             Was a High Priest of Trog.
             Slain by a boulder beetle (11 damage)
             ... on level 11 of the Dungeon.
             The game lasted 01:02:33 (12225 turns).

Life0 the Spear-Bearer (DrBe)                      Turns: 12225, Time: 01:02:34

Health: -2/88      AC:  9    Str: 24    XL:     10   Next: 75%
Magic:  10/10      EV: 19    Int:  7    God:    Trog [*****.]
Gold:   402        SH:  4    Dex: 10    Spells: 9/9 levels left

rFire    x . .     SeeInvis .   L - +6 long sword of a ziggurat {flame, rC+}
rCold    + + .     Faith    +   t - +0 buckler
rNeg     . . .     Spirit   .   (armour unavailable)
rPois    .         Reflect  .   (helmet restricted)
rElec    .         Harm     .   (no cloak)
rCorr    .         Rampage  .   k - +0 pair of gloves
MR       +....                  q - +0 pair of boots
Stlth    ++........             E - amulet of faith
HPRegen  0.24/turn              d - +4 ring of evasion
MPRegen  0.12/turn              f - ring of ice

@: berserk cooldown
A: breathe power, unfitting armour, cold-blooded, AC +7
a: Breathe Dispelling Energy, Berserk, Trog's Hand, Brothers in Arms, Renounce
Religion


You were on level 11 of the Dungeon.
You worshipped Trog.
Trog was extremely pleased with you.
You visited 1 branch of the dungeon, and saw 11 of its levels.

You collected 525 gold pieces.
You spent 123 gold pieces at shops.

Inventory:

Hand Weapons
 a - a +2 spear
 L - the +6 long sword of a ziggurat (weapon) {flame, rC+}
   (You found it on level 9 of the Dungeon)

   It has been specially enchanted to burn those struck by it, causing extra
   injury to most foes and up to half again as much damage against particularly
   susceptible opponents.
   Big, fiery blades are also staple armaments of hydra-hunters.
   It protects you from cold.
Armour
 k - a +0 pair of gloves (worn)
 q - a +0 pair of boots (worn)
 t - a +0 buckler (worn)
Jewellery
 d - a +4 ring of evasion (left hand)
 f - a ring of ice (right hand)
 g - a cursed ring of teleportation {unknown}
 l - an uncursed ring of poison resistance
 s - an uncursed ring of stealth {unknown}
 u - an uncursed ring of ice
 C - an uncursed ring of ice
 E - an amulet of faith (around neck)
 M - an uncursed ring of positive energy {unknown}
Wands
 A - a wand of iceblast (7)
 J - a wand of disintegration (18)
 K - a wand of flame (18)
 N - a wand of enslavement (9)
 O - a wand of paralysis (6)
 P - a wand of random effects (15)
 Q - a wand of polymorph (8)
Scrolls
 c - 9 scrolls of remove curse
 e - 2 scrolls of immolation {unknown}
 i - 2 scrolls of magic mapping {unknown}
 j - 3 scrolls of amnesia
 r - 4 scrolls of blinking
 w - 2 scrolls of teleportation
 x - 2 scrolls of enchant weapon
 y - 2 scrolls of fog
 B - 5 scrolls of identify
 F - a scroll of enchant armour {unknown}
 G - a scroll of noise {unknown}
Potions
 b - a potion of flight {unknown}
 h - a potion of degeneration {unknown}
 m - 2 potions of brilliance
 n - a potion of resistance {unknown}
 o - 2 potions of curing
 p - a potion of invisibility
 v - a potion of might {unknown}
 z - a potion of lignification {unknown}
 D - 2 potions of mutation {unknown}
 H - 2 potions of attraction {unknown}
 I - a potion of haste


   Skills:
 + Level 8.2 Fighting
 + Level 6.0 Long Blades
 + Level 9.8 Polearms
 + Level 7.8 Dodging
 + Level 4.2 Stealth
 + Level 4.1 Shields


You had 9 spell levels left.
You didn't know any spells.
Your spell library contained the following spells:

 Spells                   Type           Power        Failure   Level
 Animate Skeleton         Necr           #.....       43%         1
 Apportation              Tloc           #.....       43%         1
 Corona                   Hex            #......      43%         1
 Magic Dart               Conj           #...         43%         1
 Summon Small Mammal      Summ           #...         43%         1
 Blink                    Tloc           N/A          56%         2
 Call Imp                 Summ           #.......     56%         2
 Slow                     Hex            #.......     56%         2
 Conjure Flame            Conj/Fire      #.......     80%         3
 Mephitic Cloud           Conj/Pois/Air  #.......     80%         3


Dungeon Overview and Level Annotations

Branches:
Dungeon (11/15)            Temple (0/1) D:5            Lair (0/6) D:8
    Orc (0/2) D:9

Altars:
Ashenzari
Cheibriados
Dithmenos
Elyvilon
Fedhas
Gozag
Qazlal
Uskayaw
Xom
Zin
The Shining One
Beogh

Shops:
D:4 ?


Innate Abilities, Weirdness & Mutations

You can breathe bolts of dispelling energy.
Your rich purple scales are hard. (AC +7)
You cannot fit into any form of body armour.
You are cold-blooded and may be slowed by cold attacks.


Message History

A boulder beetle is nearby!
You feel better.
The boulder beetle curls into a ball and begins rolling!
The boulder beetle barely misses you.
The boulder beetle stops rolling and uncurls.
You hit the boulder beetle but do no damage.
The boulder beetle is heavily wounded.
The boulder beetle bites you!!
* * * LOW HITPOINT WARNING * * *
The boulder beetle blinks!
The boulder beetle curls into a ball and begins rolling!
The boulder beetle completely misses you.
The boulder beetle stops rolling and uncurls.
The boulder beetle bites you.
* * * LOW HITPOINT WARNING * * *
The boulder beetle blinks!
The boulder beetle curls into a ball and begins rolling!
You feel yourself speed up. The boulder beetle hits you!
You die...

# #.#####################
####...>..B○°°...........#
.......<.@####°..........#
..........# #○..........#
#+#.....### #...........#
#.....# #.......#####
#.....# #.......# #.....#
#.....°.# #.....#
#......## #.....# #......#
#......#


You could see a boulder beetle.

Vanquished Creatures
  A two-headed ogre (D:9)
  An unseen horror (D:10)
  A komodo dragon (D:8)
  6 yaks (D:10)
  A wyvern (D:10)
  An acid dragon (D:9)
  Duvessa (D:5)
  2 water moccasins
  3 orc warriors
  5 sky beasts
  An ice beast (D:10)
  2 necrophages
  An ogre (D:4)
  A phantom (D:9)
  4 centaurs
  A big kobold (D:7)
  11 bullfrogs
  Dowan (D:5)
  A scorpion (D:4)
  3 howler monkeys
  4 electric eels (D:9)
  A bullfrog zombie (D:5)
  7 hounds
  3 jellies
  3 orc wizards
  2 orc priests (D:8)
  A bullfrog skeleton (D:6)
  Jessica (D:3)
  An iguana (D:5)
  6 worker ants
  A hound zombie (D:8)
  2 hound skeletons
  Robin (D:2)
  A worker ant zombie (D:7)
  4 gnolls (D:4)
  9 adders
  2 ufetubi
  An ooze (D:2)
  An adder skeleton (D:4)
  An adder zombie (D:6)
  3 worms
  A dart slug (D:2)
  6 leopard geckos
  22 orcs
  11 bats
  2 giant cockroaches
  15 goblins
  13 hobgoblins
  4 jackals (D:5)
  7 quokkas
  2 ball pythons
  6 frilled lizards
  10 kobolds
  A quokka skeleton (D:9)
  6 rats
209 creatures vanquished.

Vanquished Creatures (collateral kills)
  2 orc warriors (D:9)
  A big kobold (D:8)
  3 orc wizards (D:9)
  An orc priest (D:9)
  An adder (D:9)
  An ufetubus (D:9)
  13 orcs
  3 kobolds (D:8)
25 creatures vanquished.

Vanquished Creatures (others)
  42 plants (D:8)
42 creatures vanquished.

Grand Total: 276 creatures vanquished

Notes
Turn   | Place    | Note
-------+----------+-------------------------------------------
     0 | D:1      | Life0 the Draconian Berserker began the quest for the Orb.
     0 | D:1      | Reached XP level 1. HP: 19/19 MP: 1/1
   387 | D:1      | Reached XP level 2. HP: 26/26 MP: 2/2
   806 | D:2      | Reached XP level 3. HP: 28/33 MP: 3/3
   841 | D:2      | Reached ** piety under Trog
   863 | D:2      | Found a shimmering altar of Xom.
   870 | D:2      | Noticed Robin
   883 | D:2      | HP: 1/33 [Robin/+0 spear (2)]
   885 | D:2      | Killed Robin
  1370 | D:2      | Found a broken altar of Ashenzari.
  1423 | D:2      | Found a snail-covered altar of Cheibriados.
  1451 | D:2      | Reached XP level 4. HP: 40/40 MP: 4/4
  1472 | D:2      | Reached skill level 4 in Polearms
  1703 | D:2      | Found a stormy altar of Qazlal.
  2472 | D:3      | Noticed Jessica
  2478 | D:3      | Killed Jessica
  2478 | D:3      | Reached XP level 5. HP: 46/46 MP: 5/5
  2612 | D:4      | Noticed an ogre
  2632 | D:4      | Killed an ogre
  2632 | D:4      | Reached *** piety under Trog
  2632 | D:4      | Reached skill level 5 in Polearms
  2919 | D:4      | Found Jaohauty's Magic Scroll Emporium.
  2937 | D:4      | Bought a scroll of enchant weapon for 97 gold pieces
  2937 | D:4      | Bought a scroll of identify for 26 gold pieces
  3168 | D:4      | Reached XP level 6. HP: 38/53 MP: 6/6
  4054 | D:5      | Entered Level 5 of the Dungeon
  4055 | D:5      | Noticed Duvessa
  4055 | D:5      | Noticed Dowan
  4064 | D:5      | Killed Dowan
  4075 | D:5      | Killed Duvessa
  4075 | D:5      | Reached skill level 5 in Fighting
  4075 | D:5      | Reached skill level 6 in Polearms
  4075 | D:5      | Your scales start taking on a rich purple colour.
  4075 | D:5      | Reached XP level 7. HP: 52/61 MP: 7/7
  4198 | D:5      | Reached skill level 1 in Shields
  4268 | D:5      | Found a staircase to the Ecumenical Temple.
  4783 | D:5      | Reached skill level 1 in Stealth
  4882 | D:6      | Reached skill level 5 in Dodging
  5209 | D:6      | Reached XP level 8. HP: 62/68 MP: 8/8
  5256 | D:6      | Reached skill level 7 in Polearms
  5273 | D:6      | Found a glowing silver altar of Zin.
  5274 | D:6      | Found an opulent altar of Gozag.
  5804 | D:6      | Reached **** piety under Trog
  6201 | D:7      | Noticed a +0 hand axe
  6203 | D:7      | Noticed a +0 dagger
  6204 | D:7      | Found a hide-covered altar of Uskayaw.
  6847 | D:7      | Found a shadowy altar of Dithmenos.
  6849 | D:7      | Found a blossoming altar of Fedhas.
  6949 | D:7      | Reached skill level 8 in Polearms
  7567 | D:8      | Reached XP level 9. HP: 75/75 MP: 9/9
  7822 | D:8      | Noticed a komodo dragon
  8017 | D:8      | Killed a komodo dragon
  8162 | D:8      | Found a staircase to the Lair.
  8358 | D:8      | Reached skill level 9 in Polearms
  9354 | D:9      | Got a polished long sword
  9356 | D:9      | Identified the +6 long sword of a ziggurat {flame, rC+}
                  | (You found it on level 9 of the Dungeon)
  9396 | D:9      | Found a white marble altar of Elyvilon.
  9758 | D:9      | Noticed a two-headed ogre
  9770 | D:9      | Killed a two-headed ogre
  9770 | D:9      | Reached XP level 10. HP: 65/86 MP: 10/10
 10116 | D:9      | Found a glowing golden altar of the Shining One.
 10201 | D:9      | Found a roughly hewn altar of Beogh.
 10201 | D:9      | Found a staircase to the Orcish Mines.
 10209 | D:9      | Reached ***** piety under Trog
 10435 | D:10     | Entered Level 10 of the Dungeon
 11277 | D:10     | Killed an unseen horror
 11277 | D:10     | Reached skill level 5 in Long Blades
 12194 | D:11     | Noticed a boulder beetle
 12225 | D:11     | Slain by a boulder beetle

Illustrated notes

Levels and vault maps discovered:
D:1:      wander_arrival_estate, layout_basic, minivault_27
D:2:      layout_loops_ring, nicolae_ashenzari_panopticon,
          nicolae_overflow_crystal_walls, cheibriados_altar_1,
          lemuel_statue_altar, uniq_robin
D:3:      layout_loops_ring, uniq_jessica
D:4:      layout_loops_corners, serial_shops,
          nicolae_shop_temple_entry_statues_fountains, roderic_batcave
D:5:      layout_cave_pods, lemuel_doored_altar, minmay_temple_entry_waves,
          uniq_duvessa
D:6:      layout_basic, grunt_temple_overflow_gold_and_silver,
          skrybe_limestone_x, feat_on_display
D:7:      layout_loops_ring, dancing_weapons_uskayaw, minitemple, nrook_campfire
D:8:      layout_rooms, david_lair_shrubbed, st_stairs_1
D:9:      kennysheep_big_flooded_room, layout_basic, elyvilon_altar_5,
          lemuel_coloured_pillars_altar, david_orc_5, minivault_4,
          nicolae_tso_carved_into_rock
D:10:     layout_stronghold
D:11:     lemuel_ice_spiral_2, layout_irregular_city

Skill      XL: |  1  2  3  4  5  6  7  8  9 10 |
---------------+-------------------------------+-----
Dodging        | 3 4 5 6 7 |  7.8
Fighting       | 4 5 6 7 8 |  8.2
Polearms       | 4 5 6 8 9 |  9.8
Shields        | 2 3 4 |  4.1
Stealth        | 1 2 3 4 |  4.2
Long Blades    | 2 6 |  6.0

Action                   |  1- 3 |  4- 6 |  7- 9 | 10-12 || total
-------------------------+-------+-------+-------+-------++-------
Melee: Spear             |   123 |   210 |   438 |       ||   771
       Tailslap          |    16 |    30 |    71 |    12 ||   129
       Long sword        |       |       |    22 |    97 ||   119
Invok: Berserk           |     1 |     1 |     8 |     3 ||    13
       Brothers in Arms  |       |       |     2 |     1 ||     3
       Trog's Hand       |       |       |     1 |       ||     1
 Abil: Breathe Dispellin |       |       |     1 |       ||     1
  Use: Scroll            |       |    11 |     6 |       ||    17
       Potion            |       |       |     2 |     1 ||     3
 Stab: Sleeping          |       |       |     3 |       ||     3
       Distracted        |       |       |     2 |       ||     2
Armor: Skin              |    32 |    36 |    70 |    28 ||   166
Dodge: Dodged            |   101 |   149 |   247 |    77 ||   574
Block: Buckler           |       |    14 |    46 |    18 ||    78
       Rpst.: Long sword |       |       |     5 |    24 ||    29

Table legend: (Time is in decaauts)
 A = Elapsed time spent in this place.
 B = Non-inter-level travel time spent in this place.
 C = Inter-level travel time spent in this place.
 D = Time resting spent in this place.
 E = Time spent auto-exploring this place.
 F = Levels seen in this place.
 G = Mean time per level.
                   A        B        C        D        E       F      G
               +--------+--------+--------+--------+--------+-----+--------+
         Total |  12195 |   9944 |   2251 |   4576 |      0 |  11 | 1108.6 |
       Dungeon |  12195 |   9944 |   2251 |   4576 |      0 |  11 | 1108.6 |
               +--------+--------+--------+--------+--------+-----+--------+

Top non-repeatable levels by time:
     D:9: 1954 daAuts
    D:10: 1768 daAuts
     D:4: 1427 daAuts
     D:2: 1348 daAuts
     D:7: 1338 daAuts
     D:8: 1200 daAuts
     D:6: 1088 daAuts
     D:5: 775 daAuts
     D:1: 760 daAuts
     D:3: 491 daAuts
    D:11: 43 daAuts
